Map: Costas tropicales

Players

MrFercho - Winner!

  • Race: Terran Terran
  • Spawn Location: 0:00

tigro

  • Race: Terran Terran
  • Spawn Location: 5:00

VOD

Have the link to the VOD?

Description

Time

  • Played on: March 20, 2020, 7:18 p.m.
  • Length: 48:19
Show
View Real Time Build Order
Export as new Build Order

MrFercho Terran - Winner!

Build Orders:  

Get SALT Encoding   

  12  0:04  SCV  
  13  0:16  SCV  
  14  0:23  Supply Depot  
  14  0:48  SCV  
  15  1:00  Engineering Bay, SCV  
  16  1:12  Refinery, SCV  
  17  1:24  SCV  
  18  1:36  SCV  
  19  1:48  SCV  
  20  1:55  Barracks  
  20  2:00  SCV  
  21  2:08  Engineering Bay  
  21  2:18  Refinery  
  21  2:21  SCV  
  22  2:33  SCV  
  22  2:35  Engineering Bay  
  22  2:37  Supply Depot  
  23  2:43  Barracks Tech Lab  
  23  2:44  Barracks  
  24  2:58  SCV  
  24  3:00  Supply Depot  
  24  3:09  Combat Shield  
  24  3:10  SCV  
  25  3:21  Marine  
  26  3:31  Barracks Tech Lab  
  26  3:39  Marine  
  27  3:58  Marauder  
  29  4:16  Command Center  
  29  4:17  Refinery  
  29  4:22  Refinery  
  29  4:47  Marine x2  
  31  4:57  Orbital Command  
  31  5:05  Marine  
  31  5:06  Marauder  
  34  5:23  Marauder  
  34  5:27  Marine  
  33  5:38  Bunker  
  33  5:44  Marine x2  
  33  5:47  SCV  
  36  5:58  SCV  
  36  6:00  SCV  
  36  6:02  Marine x2  
  40  6:10  Bunker, SCV  
  41  6:12  SCV  
  42  6:23  SCV  
  42  6:24  SCV  
  44  6:35  SCV  
  44  6:36  SCV  
  46  6:42  Bunker  
  46  6:44  Factory  
  46  6:47  Factory, SCV  
  46  6:49  Factory  
  47  7:15  Bunker  
  47  7:16  Terran Infantry Armor Level 1, Terran Infantry Weapons Level 1  
  47  7:17  Neosteel Armor  
  47  7:24  SCV  
  47  7:28  Orbital Command  
  47  7:29  Factory  
  48  7:36  Command Center, SCV  
  49  7:37  Refinery  
  49  7:48  SCV  
  50  8:00  SCV  
  50  8:04  Refinery  
  51  8:12  SCV  
  40  8:26  Factory Tech Lab x4  
  40  8:44  Marine  
  40  8:45  Marine  
  42  9:02  Marine x2  
  44  9:19  Armory  
  44  9:20  Marine x2  
  44  9:21  Armory x2  
  46  9:35  Starport  
  46  9:37  Starport  
  46  9:38  Marine x2  
  46  9:40  Starport  
  46  9:41  Starport, Orbital Command  
  46  9:43  Starport  
  48  9:49  SCV x2  
  50  9:56  Marine x2  
  52  10:01  SCV  
  52  10:02  SCV  
  54  10:13  Starport  
  54  10:14  SCV x2  
  56  10:16  Starport  
  56  10:18  Refinery  
  56  10:19  Command Center, Refinery  
  56  10:20  Starport, Siege Tank x2  
  62  10:22  Widow Mine x2  
  62  10:26  SCV x2  
  68  10:29  SCV  
  69  10:42  Supply Depot  
  69  10:43  Supply Depot  
  69  10:46  SCV x3  
  69  10:49  Supply Depot  
  72  10:50  Supply Depot  
  72  10:58  SCV  
  73  11:23  Starport Tech Lab x2  
  73  11:24  Starport Tech Lab x6  
  73  11:33  Hellion  
  73  11:34  Hellion x3  
  81  11:52  Terran Vehicle And Ship Armor Level 1, Terran Vehicle Weapons Level 1  
  81  11:53  Terran Ship Weapons Level 1  
  81  11:57  Infernal Pre-Igniter  
  81  11:59  Mag-Field Accelerator  
  81  12:00  Drilling Claws  
  81  12:01  Smart Servos  
  67  12:42  Marauder x2  
  71  12:50  Cloaking Field  
  71  12:51  Hyperflight Rotors, Corvid Reactor  
  71  12:55  Banshee x5  
  86  13:02  Marine  
  86  13:03  Marine  
  88  13:14  SCV  
  89  13:20  Marine x2  
  89  13:26  SCV  
  92  13:38  Marine x2, SCV  
  95  13:56  Command Center, Marine x2  
  95  13:57  Refinery  
  95  14:02  Refinery, Terran Ship Weapons Level 2  
  97  14:03  Terran Vehicle And Ship Armor Level 2, Terran Vehicle Weapons Level 2  
  97  14:07  Terran Infantry Weapons Level 2  
  97  14:08  Terran Infantry Armor Level 2  
  97  14:09  Hi-Sec Auto Tracking  
  97  14:23  Command Center  
  97  14:24  Refinery  
  97  14:28  Refinery  
  97  14:37  SCV x4  
  101  14:49  SCV x4  
  105  15:01  SCV x3  
  105  15:02  SCV  
  109  15:13  SCV x3  
  109  15:14  SCV  
  113  15:25  SCV x3  
  113  15:26  SCV  
  105  15:44  Missile Turret  
  105  15:46  Missile Turret  
  105  15:47  Missile Turret  
  105  15:52  Missile Turret  
  105  16:08  Missile Turret  
  105  16:09  Missile Turret  
  105  16:11  Missile Turret  
  105  16:14  Missile Turret  
  105  16:30  Missile Turret  
  105  16:31  Missile Turret  
  105  16:34  Missile Turret  
  105  16:37  Missile Turret  
  105  16:41  Fusion Core x2  
  105  16:44  Fusion Core  
  105  16:53  Viking x5, Missile Turret x2  
  115  16:57  Missile Turret  
  115  16:59  Orbital Command  
  115  17:00  Missile Turret  
  115  17:04  Orbital Command  
  115  17:15  Orbital Command  
  115  17:35  Missile Turret x2  
  115  17:39  Missile Turret  
  115  17:41  Missile Turret  
  115  17:46  Viking x3  
  115  17:47  Viking  
  115  17:49  Battlecruiser x2  
  135  17:52  Banshee  
  135  17:54  Weapon Refit  
  135  17:55  Rapid Reignition System  
  138  17:59  Advanced Ballistics, Missile Turret  
  138  18:00  Missile Turret  
  138  18:02  Missile Turret  
  138  18:06  Missile Turret  
  138  18:22  Missile Turret  
  138  18:23  Missile Turret  
  138  18:26  Missile Turret  
  138  18:30  Siege Tank x4  
  138  18:31  Missile Turret  
  150  18:50  Missile Turret  
  150  18:52  Missile Turret  
  150  18:55  Missile Turret  
  150  18:57  Missile Turret  
  150  19:02  Siege Tank x4  
  162  19:14  Missile Turret  
  162  19:17  SCV x3  
  162  19:18  SCV x3  
  168  19:29  SCV x2  
  170  19:32  SCV x4  
  174  19:47  Supply Depot  
  174  19:48  Supply Depot  
  174  19:50  Supply Depot  
  174  19:52  Supply Depot  
  174  19:53  Supply Depot  
  174  20:12  Ghost Academy  
  174  20:15  Ghost Academy  
  174  20:16  Ghost Academy  
  174  20:17  Ghost Academy x2  
  174  20:44  Ghost Academy  
  174  20:47  Ghost Academy  
  174  20:48  Ghost Academy  
  174  20:49  Ghost Academy  
  174  20:52  Ghost Academy  
  174  21:16  Command Center  
  174  21:20  Refinery  
  174  21:21  Refinery  
  174  21:30  Missile Turret  
  174  21:33  Missile Turret x2  
  174  21:34  Missile Turret  
  171  21:52  Missile Turret  
  171  21:58  Missile Turret  
  171  22:10  Marauder x2  
  175  22:32  Marauder x2  
  170  22:53  Marauder x2  
  174  23:14  Marauder x2  
  174  23:18  Terran Vehicle And Ship Armor Level 3, Terran Vehicle Weapons Level 3  
  174  23:19  Terran Ship Weapons Level 3  
  178  23:22  Terran Infantry Weapons Level 3  
  178  23:23  Terran Infantry Armor Level 3  
  178  23:27  Stimpack, Concussive Shells  
  178  23:36  Marauder x2, Enhanced Shockwaves, Personal Cloaking  
  178  23:39  Nuke x6  
  178  23:40  Nuke  
  178  23:41  Nuke  
  182  23:58  Ghost x2  
  186  24:12  Medivac x2  
  186  24:14  Viking x2  
  186  24:16  Raven  
  196  24:20  Medivac x2  
  172  25:24  Viking x3  
  172  25:25  Viking, Banshee x2  
  172  25:26  Banshee x2  
  192  25:33  Nuke x2  
  192  25:54  Viking x3  
  192  25:55  Viking  
  198  27:21  Ghost  
  187  28:05  Ghost  
  189  29:05  Command Center  
  189  29:06  Refinery  
  189  29:09  Refinery x2  
  189  29:13  Command Center, Refinery  
  171  31:46  Nuke x5  
  171  31:47  Nuke x2  
  155  39:25  Battlecruiser x2  
  155  39:26  Battlecruiser x5  
  185  41:08  Ghost x2  
  189  41:37  Ghost x2  
  193  42:05  Ghost x2  
  185  44:26  Hellion  
  185  44:27  Hellion x3  
  192  44:48  Hellion x4  
  194  47:02  Command Center  
  194  48:17  Refinery  
Show
View Real Time Build Order
Export as new Build Order

tigro Terran 

Build Orders:  

Get SALT Encoding   

  12  0:04  SCV  
  13  0:16  Supply Depot  
  13  0:25  SCV  
  14  0:37  SCV  
  15  0:49  SCV  
  16  0:50  Barracks  
  16  1:01  SCV  
  17  1:06  Refinery  
  17  1:13  SCV  
  17  1:16  Refinery  
  18  1:25  SCV  
  19  1:39  Barracks  
  19  1:40  Supply Depot  
  19  1:52  Marine  
  20  2:10  Marine  
  21  2:28  Marine  
  22  2:30  Barracks Tech Lab  
  22  2:31  Engineering Bay  
  23  2:44  SCV  
  23  2:46  Marine  
  24  2:52  Supply Depot  
  24  2:56  SCV  
  24  2:57  Combat Shield  
  25  3:03  Marine  
  26  3:08  SCV  
  27  3:18  Marauder  
  29  3:20  SCV  
  29  3:21  Marine  
  31  3:32  SCV  
  32  3:36  Terran Infantry Weapons Level 1  
  32  3:39  Marauder, Marine  
  35  4:10  Command Center  
  35  4:15  Stimpack  
  35  4:17  Factory  
  35  4:18  Orbital Command  
  35  4:57  Barracks Tech Lab  
  35  4:59  Marine  
  36  5:02  Factory  
  36  5:05  Factory Tech Lab  
  36  5:17  Marine  
  37  5:24  Refinery  
  36  5:33  Planetary Fortress  
  36  5:34  Marine  
  37  5:52  Marine  
  37  5:55  Concussive Shells  
  38  6:02  Missile Turret  
  38  6:10  Marine  
  39  6:14  SCV  
  40  6:24  Siege Tank  
  43  6:26  SCV  
  43  6:30  Factory Tech Lab  
  43  6:32  Infernal Pre-Igniter  
  44  6:38  SCV  
  45  6:50  SCV  
  46  6:56  Siege Tank  
  49  7:02  Starport, SCV  
  50  7:14  SCV  
  51  7:27  SCV  
  52  7:39  SCV  
  53  7:44  Supply Depot  
  53  7:51  Mag-Field Accelerator  
  53  7:59  Starport Tech Lab  
  53  8:00  Refinery  
  53  8:06  Siege Tank  
  51  8:33  Medivac  
  53  8:42  Missile Turret  
  53  9:07  Siege Tank  
  56  9:16  Terran Infantry Armor Level 1  
  56  9:20  Fusion Core  
  56  9:24  SCV  
  56  9:31  Marine  
  57  9:36  SCV  
  59  9:39  Siege Tank  
  62  9:58  Starport  
  62  10:12  Supply Depot  
  62  10:19  Weapon Refit  
  62  10:34  Marine  
  63  10:36  Armory  
  63  10:41  Starport Tech Lab  
  63  10:42  Corvid Reactor  
  63  10:51  Marine  
  63  10:55  Missile Turret  
  64  11:09  Marine  
  64  11:10  Neosteel Armor  
  65  11:25  Supply Depot  
  65  11:27  Marine  
  66  11:44  Missile Turret  
  66  11:47  Battlecruiser x2  
  78  11:50  Terran Vehicle Weapons Level 1  
  78  12:00  Rapid Reignition System  
  78  12:01  Cloaking Field  
  78  12:20  Command Center  
  78  12:49  Missile Turret  
  78  12:50  Hi-Sec Auto Tracking  
  78  12:56  Advanced Ballistics  
  78  13:17  Missile Turret  
  78  13:20  Hyperflight Rotors  
  78  13:24  Supply Depot  
  78  13:35  Refinery  
  78  13:39  Thor  
  84  13:48  Missile Turret  
  84  13:49  Terran Ship Weapons Level 1  
  84  14:08  Planetary Fortress  
  84  14:22  Siege Tank  
  87  14:28  Refinery  
  87  14:47  Supply Depot  
  87  14:49  Missile Turret  
  87  14:54  Siege Tank  
  90  15:17  Missile Turret  
  87  15:26  Siege Tank  
  90  15:42  Terran Vehicle Weapons Level 2  
  90  15:44  Missile Turret  
  90  15:58  Siege Tank  
  93  16:07  Missile Turret  
  93  16:48  Command Center  
  93  16:53  Missile Turret  
  93  17:44  Supply Depot  
  93  17:49  Marauder  
  95  17:54  Viking  
  95  17:58  Medivac  
  99  18:03  Thor  
  105  18:07  Supply Depot  
  105  18:08  Terran Infantry Weapons Level 2  
  105  18:10  Marauder  
  107  18:21  Planetary Fortress  
  107  18:24  Viking  
  109  18:28  Battlecruiser  
  109  18:31  Marauder  
  117  18:53  Marauder  
  117  18:54  Viking  
  121  19:14  Marauder  
  123  19:21  Siege Tank  
  126  19:24  Viking  
  128  19:53  Siege Tank  
  128  19:54  Viking  
  128  19:59  Missile Turret  
  133  20:08  Missile Turret  
  133  20:09  Missile Turret  
  133  20:23  Terran Infantry Armor Level 2  
  133  20:24  Viking  
  133  20:25  Siege Tank  
  138  20:32  Missile Turret  
  138  20:56  Missile Turret  
  138  21:10  Missile Turret  
  138  21:25  Refinery  
  138  21:59  Raven  
  140  22:05  Missile Turret  
  140  22:21  Supply Depot  
  140  22:23  Raven, Marine  
  140  22:33  Thor, Siege Tank  
  119  22:41  Marine  
  73  22:59  Marine  
  73  23:01  Missile Turret  
  73  23:05  Siege Tank  
  77  23:16  Thor, Marine  
  84  23:23  Battlecruiser  
  84  23:26  Viking  
  92  23:31  Marauder  
  94  23:34  Marine  
  95  23:53  Marauder  
  97  23:56  Viking  
  99  24:14  Marauder  
  101  24:20  Marine  
  102  24:25  Siege Tank  
  102  24:26  Viking  
  102  24:27  Battlecruiser  
  113  24:35  Marauder  
  113  24:38  Marine  
  116  24:55  Marine  
  116  24:56  Viking  
  116  24:57  Marauder, Siege Tank  
  121  25:18  Marauder  
  123  25:26  Viking  
  125  25:29  Missile Turret, Siege Tank  
  125  25:31  Battlecruiser  
  134  25:36  Widow Mine  
  136  26:01  Widow Mine  
  138  26:23  Widow Mine  
  138  26:25  Missile Turret  
  140  26:35  Battlecruiser  
  70  27:39  Medivac  
  66  28:02  Marauder  
  66  28:04  Marine  
  69  28:11  Widow Mine  
  71  28:15  Thor  
  77  28:20  Battlecruiser  
  77  28:22  Marine  
  77  28:23  Marauder  
  86  28:33  Widow Mine  
  88  28:39  Marine  
  89  28:41  Medivac  
  89  28:45  Marauder  
  93  28:54  Siege Tank  
  96  28:57  Marine  
  96  28:58  Thor  
  103  29:06  Marauder  
  105  29:11  Viking  
  105  29:15  Marine  
  108  29:24  Battlecruiser  
  108  29:26  Refinery, Siege Tank  
  108  29:27  Marauder  
  119  29:33  Marauder  
  121  29:41  Viking, Thor  
  129  29:49  Marauder  
  131  29:58  Siege Tank  
  134  30:10  Marauder  
  134  30:11  Viking  
  138  30:24  Thor  
  144  30:28  Medivac  
  144  30:30  Refinery  
  146  30:41  Viking  
  146  30:58  Medivac  
  148  31:04  Siege Tank, Missile Turret  
  52  32:02  Raven  
  52  32:07  Marine  
  55  32:22  Missile Turret  
  55  32:25  Marine  
  56  32:43  Marine  
  57  32:44  Raven  
  59  33:01  Marine  
  59  33:05  Engineering Bay  
  60  33:18  Marine, Refinery  
  61  33:27  Raven  
  63  33:48  Engineering Bay  
  63  34:22  Missile Turret  
  63  34:47  Refinery  
  63  34:54  Refinery  
  63  35:14  Missile Turret  
  63  35:42  Command Center  
  63  36:16  Marine  
  64  36:19  Marine, Missile Turret  
  65  36:34  Marine  
  65  36:37  Marine  
  67  36:52  Marine  
  68  36:55  Marine  
  69  37:01  Missile Turret  
  69  37:09  Refinery  
  69  37:10  Marine  
  69  37:13  Marine  
  71  37:28  Marine  
  66  37:31  Marine  
  67  37:51  Factory Tech Lab  
  67  38:30  Factory Tech Lab  
  67  38:50  Missile Turret  
  67  38:51  Missile Turret  
  67  39:09  Command Center  
  61  39:33  Barracks Tech Lab  
  61  39:51  Missile Turret  
  61  39:58  Missile Turret  
  61  40:02  Fusion Core  
  58  40:16  Drilling Claws  
  58  40:24  Marauder  
  57  40:39  Marine  
  58  40:45  Marauder  
  58  40:47  Thor  
  66  40:57  Marine  
  67  41:06  Marauder  
  69  41:15  Marine  
  70  41:21  Missile Turret  
  70  41:23  Refinery, Missile Turret  
  70  41:28  Marauder  
  72  41:33  Marine  
  72  41:35  Smart Servos  
  55  41:49  Marauder  
  55  41:51  Marine  
  58  41:58  Missile Turret  
  57  42:05  Missile Turret  
  55  42:30  Supply Depot  
  55  42:51  Supply Depot  
  52  42:52  Viking, Marine  
  52  42:53  Viking  
  47  43:12  Marine  
  44  43:15  Engineering Bay  
  44  43:22  Viking  
  46  43:33  Supply Depot, Marine  
  46  43:38  Viking  
  45  43:51  Marine  
  45  43:52  Viking  
  27  44:07  Viking  
  27  44:08  Marine  
  24  44:22  Viking  
  17  44:32  Supply Depot  
  2  45:48  Command Center  
  1  47:10  SCV  
  3  47:22  SCV  
  1  47:35  SCV  
Tags
 
Matchup
TvT
Race
Terran
Replay Pack
MrFercho
Add a new tag
Caveats
  • Supply blocks, unpowered buildings, or Contaminate may cause inaccurate times.
  • Supply counts are checked every 10 seconds.